 Dungeon Crawl Stone Soup version 0.31.0-32-g396128a36d (webtiles) character file.

Game seed: 2656551165415024928

313768 Chant0 the Conqueror (level 20, -14/216 HPs)
             Began as a Minotaur Fighter on Mar 14, 2024.
             Was the Champion of Nemelex Xobeh.
             Shot with a bolt by a yaktaur captain (23 damage)
             ... on level 5 of the Vaults on Mar 21, 2024.
             The game lasted 03:27:33 (42797 turns).

Chant0 the Conqueror (Minotaur Fighter)            Turns: 42797, Time: 03:27:34

Health: -14/216    AC: 38    Str: 28    XL:     20   Next: 47%
Magic:  31/31      EV:  6    Int:  7    God:    Nemelex Xobeh [******]
Gold:   1187       SH:  8    Dex: 10    Spells: 19/19 levels left

rFire   + . .        o - +9 broad axe (freeze)
rCold   + + +        e - +0 kite shield
rNeg    + . .        P - +5 crystal plate armour {rC+}
rPois   +            d - -2 hat of the Alchemist {rElec rPois rF+ rC+ rN+ Will+ rMut rCorr}
rElec   +            Z - +2 cloak of the Thief {*Fog Slay-2 SInv Stlth+}
rCorr   +            Y - +2 pair of gloves {infuse}
SInv    +            C - +1 pair of boots
Will    +++..        r - amulet of Gygaomn {Rampage rC+++ Regen+ Stlth-} Stlth
                     l - ring of willpower
HPRegen 1.36/turn    k - ring of flight
MPRegen 0.22/turn

%: resist mutation, rampage, infuse magic (1 MP)
@: marked, flying, studying Staves
A: horns 2, retaliatory headbutt
}: 2/15 runes: barnacled, gossamer
a: Renounce Religion, Draw Escape, Draw Destruction, Draw Summoning, Triple
Draw, Deal Four, Stack Five


You were on level 5 of the Vaults.
You worshipped Nemelex Xobeh.
Nemelex Xobeh was exalted by your worship.
You visited 6 branches of the dungeon, and saw 34 of its levels.
You visited 2 bazaars.
You also visited: Bailey and Ice Cave.

You collected 3833 gold pieces.
You spent 2646 gold pieces at shops.

Inventory:

Hand Weapons
 o - a +9 broad axe of freezing (weapon)
Missiles
 x - 5 javelins
 y - 14 boomerangs
 K - 16 silver javelins
Armour
 d - the -2 hat of the Alchemist (worn) {rElec rPois rF+ rC+ rN+ Will+ rMut rCorr}
   (You bought it in a shop in a bazaar)

   rF+:       It protects you from fire.
   rC+:       It protects you from cold.
   rElec:     It insulates you from electricity.
   rPois:     It protects you from poison rN+: It protects you from negative
   energy.
   Will+:     It increases your willpower.
   rCorr:     It protects you from acid and corrosion.
   rMut:      It protects you from mutation.
 e - a +0 kite shield (worn)
 C - a +1 pair of boots (worn)
 I - a scarf of invisibility
 P - a +5 crystal plate armour of cold resistance (worn)
 Y - a +2 pair of gloves of infusion (worn)
 Z - the +2 cloak of the Thief (worn) {*Fog Slay-2 SInv Stlth+}
   (You acquired it on level 1 of the Shoals)

   *Fog:      It may release a thick cloud of smoke when the wearer is hurt.
   Slay-2:    It affects your accuracy & damage with ranged weapons and melee
   (-2).
   SInv:      It lets you see invisible.
   Stlth+:    It makes you more stealthy.
Jewellery
 c - a ring of protection from fire
 h - an amulet of reflection
 k - a ring of flight (right hand)
 l - a ring of willpower (left hand)
 r - the amulet of Gygaomn (around neck) {Rampage rC+++ Regen+ Stlth-}
   (You found it in an ice cave)

   [amulet of regeneration]

   rC+++:     It renders you almost immune to cold.
   Regen+:    It increases your rate of health regeneration.
   Rampage:   It bestows one free step when moving towards enemies.
   Stlth-:    It makes you less stealthy.
 F - a ring of positive energy
 H - a +4 ring of slaying
 N - a +4 ring of protection
 V - the ring of the Tortoise {AC+8}
   (You found it on level 10 of the Dungeon)

   [ring of protection]

   AC+8:      It affects your AC (+8).
Wands
 j - a wand of mindburst (4)
 u - a wand of polymorph (8)
 w - a wand of iceblast (22) (quivered)
 A - a wand of paralysis (18)
 E - a wand of digging (6)
 T - a wand of flame (15)
Scrolls
 i - 2 scrolls of silence
 m - 16 scrolls of teleportation
 p - 5 scrolls of enchant weapon
 v - 2 scrolls of brand weapon
 B - 2 scrolls of poison
 G - 2 scrolls of immolation
 J - a scroll of fear
 Q - 2 scrolls of blinking
 R - 2 scrolls of revelation
Potions
 a - 3 potions of invisibility
 b - 3 potions of haste
 f - 5 potions of ambrosia
 q - 5 potions of resistance
 s - 6 potions of lignification
 z - 6 potions of cancellation
 L - 8 potions of might
 M - 3 potions of heal wounds
 O - 7 potions of curing
 S - a potion of mutation
Miscellaneous
 g - a phantom mirror
 D - a phial of floods
 W - a lightning rod (4/4)


   Skills:
 O Level 27 Fighting
 - Level 1.1 Long Blades
 - Level 18.1 Axes
 - Level 13.0 Throwing
 - Level 17.5 Armour
 - Level 4.0 Shields
 * Level 17.3 Invocations
 - Level 5.1 Evocations


You had 19 spell levels left.
You didn't know any spells.
Your spell library contained the following spells:

 Spells                   Type           Power      Damage    Failure   Level
 Slow                     Hex            0%         N/A       100%        1
 Sting                    Conj/Alch      0%         1d3       100%        1
 Blink                    Tloc           0%         N/A       100%        2
 Jinxbite                 Hex            0%         N/A       100%        2
 Lesser Beckoning         Tloc           0%         N/A       100%        2
 Mercury Vapours          Alch/Air       0%         N/A       100%        2
 Momentum Strike          Conj/Tloc      0%         3d8       100%        2
 Scorch                   Fire           0%         2d5       100%        2
 Confusing Touch          Hex            0%         N/A       100%        3
 Dazzling Flash           Conj/Hex       0%         N/A       100%        3
 Frozen Ramparts          Ice            0%         1d1       100%        3
 Gell's Gravitas          Tloc           0%         N/A       100%        3
 Hailstorm                Conj/Ice       0%         3d5       100%        3
 Ozocubu's Armour         Ice            0%         N/A       100%        3
 Sigil of Binding         Hex            0%         N/A       100%        3
 Summon Ice Beast         Ice/Summ       0%         N/A       100%        3
 Teleport Other           Tloc           0%         N/A       100%        3
 Vampiric Draining        Necr           0%         2d6       100%        3
 Volatile Blastmotes      Fire/Tloc      0%         2d10      100%        3
 Anguish                  Hex/Necr       0%         N/A       100%        4
 Animate Dead             Necr           0%         N/A       100%        4
 Cause Fear               Hex            0%         N/A       100%        4
 Flame Wave               Conj/Fire      0%         2d4       100%        4
 Fulminant Prism          Conj/Alch      0%         3d5       100%        4
 Iskenderun's Mystic Bla  Conj/Tloc      0%         2d3       100%        4
 Leda's Liquefaction      Alch/Erth      0%         N/A       100%        4
 Olgreb's Toxic Radiance  Alch           0%         N/A       100%        4
 Passage of Golubria      Tloc           0%         N/A       100%        4
 Petrify                  Alch/Erth      0%         N/A       100%        4
 Borgnjor's Vile Clutch   Necr/Erth      0%         N/A       100%        5
 Metabolic Englaciation   Hex/Ice        0%         N/A       100%        5
 Silence                  Hex/Air        0%         N/A       100%        5
 Summon Forest            Summ/Tloc      0%         N/A       100%        5
 Summon Mana Viper        Hex/Summ       0%         N/A       100%        5
 Yara's Violent Unravell  Hex/Alch       0%         3d3       100%        5
 Conjure Ball Lightning   Conj/Air       0%         3x3d6     100%        6
 Death Channel            Necr           0%         N/A       100%        6
 Sculpt Simulacrum        Ice/Alch       0%         N/A       100%        6
 Starburst                Conj/Fire      0%         6d3       100%        6
 Summon Cactus Giant      Summ           0%         N/A       100%        6
 Enfeeble                 Hex            0%         N/A       100%        7
 Discord                  Hex            0%         N/A       100%        8
 Disjunction              Tloc           0%         N/A       100%        8
 Lehudib's Crystal Spear  Conj/Erth      0%         10d2      100%        8
 Maxwell's Capacitive Co  Air            0%         ∞         100%        8


Dungeon Overview and Level Annotations

Branches:
Dungeon (14/15)              Lair (5/5) D:8          Shoals (4/4) Lair:2
 Spider (4/4) Lair:2        Slime (0/5) Lair:4          Orc (2/2) D:10
    Elf (0/3) Orc:2        Vaults (5/5) D:13          Crypt (0/3) Vaults:2
 Bailey (visited)           IceCv (visited)
 Temple: D:4-7

Altars:
Ashenzari
Cheibriados
Dithmenos
Elyvilon
Fedhas
Gozag
Hepliaklqana
Kikubaaqudgha
Makhleb
Nemelex Xobeh
Qazlal
Ru
Sif Muna
Trog
Vehumet
Xom
Yredelemnul
Zin
The Shining One
Jiyva

Shops:
Orc:2 (!=:   Shoals:3 [*   Vaults:3 :(([   Vaults:4 [[

Portals:
Abyss: D:14
Trove: Vaults:1 (give +3 storm dragon scales)

Annotations:
D:14 2 transporters, Hisoilig's ghost, journeyman DgHW
Spider:2 3 runed translucent doors, Qiaheden's ghost, journeyman HOFi
Abyss:1 Mennas


Innate Abilities, Weirdness & Mutations

You have a pair of horns on your head.
You reflexively headbutt those who attack you in melee.


Message History

The yaktaur captain hits your fire dragon with the +8 dire flail of the People {venom, rF+ Int-4 Dex+4 Stlth+}!!
The yaktaur captain throws a stone.
The stone hits your fire dragon!!
Your fire dragon bites the iron dragon.
Your fire dragon claws the iron dragon but does no damage.
Your fire dragon tramples the iron dragon but does no damage.
The iron dragon bites you but does no damage.
The iron dragon claws you but does no damage.
The iron dragon tramples you but does no damage.
The yaktaur captain shoots a bolt.
The bolt hits your shock serpent!!
Your shock serpent's electric aura discharges, shocking the yaktaur captain!
The frost giant points at you and mumbles some strange words.
The bolt of cold hits you. You resist.
* * * LOW HITPOINT WARNING * * *
The bolt of cold hits the frost giant.
The frost giant resists.
The frost giant hits you with a +3 battleaxe of freezing!!
* * * LOW HITPOINT WARNING * * *
The frost giant freezes you.
The stone giant hits your shock serpent!!!
Your shock serpent dies!
Your shock serpent's corpse disappears in a puff of smoke!
The tentacled monstrosity tentacle-slaps you!
* * * LOW HITPOINT WARNING * * *
The tentacled monstrosity tentacle-slaps you but does no damage. x2
The tentacled monstrosity constricts you.
The vault warden hits your fire dragon with a +1 battleaxe of electrocution!!
The titan hits you!!
* * * LOW HITPOINT WARNING * * *
The orc warrior hits you from afar with a +0 halberd!
* * * LOW HITPOINT WARNING * * *
You turn to flesh and can move again.
Blink to where?
Press: ? - help, Dir - move target, p - tentacled monstrosity You escape the tentacled monstrosity's grasp.
As you read the scroll of blinking, it crumbles to dust.
The runic seals fade away.
The shadow dragon is no longer petrified.
The orc knight is no longer petrified.
The yaktaur captain shoots a bolt.
The bolt hits you!!
You die...
Your body glows slightly and disappears.

.......).).CCDC.........
...........CX§DDD.......
#########.))§oC[...###
........[)c....oQ..#
....^.....#[)p..[o.#
#...####..#.)[.###oo...
..###.....#....# .....
#.......#....# ......
#..####..#@...# ..§.# ..
...#....# ....#
##..#....# ...#....#
...#....# #..#....#
..#....# #....#


You could see a shadow dragon, a tentacled monstrosity (ally target), an iron
dragon, an ironbound preserver, a frost giant, a stone giant, a tengu reaver
(repels missiles), a yaktaur captain, an orc knight, an orc warrior (strong) and
a friendly fire dragon (summoned).

Vanquished Creatures
  The ghost of Lemonizer the Skinwalker, a veteran NaAl of Gozag (Vaults:2)
  Arachne (Spider:4)
  Zenata (Vaults:4)
  2 sphinxes
  Mlioglotl (Spider:4)
  Polyphemus (Shoals:4)
  3 tengu reavers
  Kirke (Shoals:1)
  Ilsuiw (Shoals:2)
  Agnes (D:14)
  A shadow dragon (Vaults:4)
  The ghost of Alphaeus the Metamorph, a journeyman TrSh of Qazlal (Spider:1)
  2 fire giants (Vaults:5)
  Donald (Shoals:1)
  2 ghost moths (Spider:4)
  9 vault wardens
  An iron dragon (Vaults:4)
  A frost giant (Shoals:4)
  3 emperor scorpions
  3 orc warlords
  14 ironbound preservers
  3 broodmothers
  A stone giant (Vaults:4)
  A formless jellyfish (Vaults:3)
  4 ironbound thunderhulks
  A vampire knight (Vaults:2)
  2 war gargoyles
  A wendigo (Vaults:4)
  A spark wasp (Spider:4)
  An eidolon (Vaults:2)
  Snorg (Orc:2)
  2 crystal guardians (Vaults:4)
  5 merfolk javelineers (Shoals:4)
  8 yaktaur captains
  2 deep elf high priests
  9 entropy weavers
  Fannar (Lair:3)
  2 ice dragons
  7 merfolk impalers
  Harold (Lair:1)
  8 great orbs of eyes
  17 vault guards
  3 peacekeepers (Vaults:4)
  5 hydras
  Erica (Lair:1)
  2 boulder beetles
  4 ironbound frosthearts
  A satyr (Shoals:2)
  4 merfolk avatars
  An alligator snapping turtle (Shoals:4)
  9 centaur warriors
  5 merfolk aquamancers
  2 ogre magi
  6 death yaks
  A deep troll shaman (Lair:5)
  6 two-headed ogres
  A shock serpent (shapeshifter) (Vaults:4)
  Urug (D:13)
  A hell knight (Vaults:4)
  7 demonic crawlers
  5 skysharks
  4 skeletal warriors
  A shadow wraith (Vaults:4)
  A fire crab (Lair:5)
  9 orb spiders
  4 pharaoh ants
  Lodul (D:11)
  A sun moth (Spider:1)
  A flayed ghost (Vaults:4)
  10 sea snakes
  33 deep trolls
  A glowing orange brain (Vaults:2)
  11 arcanists
  Pikel (D:6)
  11 lindwurms
  17 ironbound convokers
  5 steelbarb worms
  12 harpies
  A phantasmal warrior (Vaults:4)
  9 orc knights
  9 orc sorcerers
  10 wolf spiders
  22 ugly things
  12 manticores
  4 fauns
  5 meliai
  2 moths of wrath
  A kobold blastminer (Orc:1)
  9 merfolk sirens
  4 cyclopes
  34 elephants
  A torpor snail (Lair:3)
  18 vault sentinels
  A water nymph (Vaults:1)
  4 black mambas
  2 ice statues (IceCv)
  A cane toad (shapeshifter) (D:14)
  9 rime drakes
  3 unseen horrors
  13 cane toads
  4 komodo dragons
  18 yaktaurs
  A freezing wraith (Vaults:4)
  2 efreet
  A merfolk (shapeshifter) (Vaults:2)
  2 queen bees
  3 trolls
  3 polar bears
  33 merfolk
  2 tyrant leeches
  A raiju (shapeshifter) (D:14)
  7 wind drakes
  A hornet (Vaults:1)
  22 tarantellas
  A glass eye (Lair:2)
  5 dream sheep (Lair:3)
  9 snapping turtles
  5 blink frogs (Lair:4)
  17 jumping spiders
  60 slime creatures
  5 spriggans
  11 culicivoras
  2 vampires
  69 yaks
  5 wyverns
  10 water elementals
  6 wraiths
  4 hogs (Shoals:1)
  71 redbacks
  6 basilisks
  A death yak simulacrum (Lair:1)
  2 wargs
  3 steam dragons
  4 vampire mosquitoes (D:11)
  Edmund (D:5)
  4 acid dragons
  26 water moccasins
  4 black bears
  4 sky beasts
  An ice beast (D:5)
  18 ogres
  10 orc warriors
  4 boggarts (Vaults:1)
  A tengu (Spider:1)
  9 centaurs
  A lemure (D:6)
  22 wolves
  6 kobold brigands
  2 brain worms
  5 bullfrogs
  A gnoll sergeant (D:9)
  A cane toad simulacrum (Lair:1)
  2 scorpions
  4 wights (D:8)
  7 lindwurm simulacra (IceCv)
  A killer bee (D:7)
  A howler monkey (D:9)
  A bombardier beetle (D:5)
  5 komodo dragon simulacra (IceCv)
  6 jellies
  9 orc priests
  A hound (D:5)
  3 gnoll boudas
  An iron imp (D:7)
  Jessica (D:3)
  4 iguanas
  4 sleepcaps
  31 orc wizards
  An ogre zombie (D:8)
  24 gnolls
  3 orc zombies (D:8)
  5 acid dragon simulacra (IceCv)
  9 adders
  A white imp (D:5)
  2 ufetubi (D:5)
  4 steam dragon simulacra (IceCv)
  4 dart slugs
  7 ribbon worms
  43 orcs
  12 endoplasms
  4 giant cockroaches
  10 goblins
  8 hobgoblins
  4 quokkas
  8 ball pythons
  A bat (D:1)
  2 frilled lizards
  32 kobolds
  5 rats
1277 creatures vanquished.

Vanquished Creatures (collateral kills)
  A sphinx (Vaults:5)
  Frances (Spider:2)
  A tengu reaver (Vaults:5)
  A shadow dragon (Vaults:5)
  A vault warden (Vaults:5)
  2 emperor scorpions (Spider:4)
  An ironbound preserver (Vaults:2)
  A spark wasp (Spider:3)
  3 merfolk javelineers
  A merfolk impaler (Shoals:4)
  8 vault guards (Vaults:5)
  A catoblepas (Shoals:4)
  A merfolk aquamancer (Shoals:4)
  A boulder beetle (Spider:4)
  A skeletal warrior (D:14)
  3 orb spiders
  A deep troll (Vaults:2)
  An ironbound convoker (Vaults:5)
  4 steelbarb worms
  3 lindwurms (Vaults:2)
  An orc knight (Vaults:5)
  A wolf spider (Spider:4)
  2 ugly things (Vaults:2)
  A manticore (Shoals:4)
  2 vault sentinels
  A torpor snail (Spider:3)
  A rime drake (Spider:4)
  A yaktaur (Vaults:4)
  3 merfolk
  A wind drake (Shoals:4)
  4 tarantellas
  A snapping turtle (Shoals:4)
  6 jumping spiders
  3 culicivoras (Spider:4)
  2 slime creatures (Vaults:1)
  3 yaks (Lair:2)
  4 redbacks
  2 swamp worms (shapeshifter)
  An orc wizard (Vaults:5)
77 creatures vanquished.

Vanquished Creatures (others)
  A yaktaur captain (Vaults:2)
  An arcanist (D:9)
  A merfolk (Shoals:4)
  A jumping spider (Spider:3)
  A redback (Spider:4)
  An orc wizard (Orc:2)
6 creatures vanquished.

Grand Total: 1360 creatures vanquished

Notes
Turn   | Place    | Note
-------+----------+-------------------------------------------
     0 | D:1      | Chant0 the Minotaur Fighter began the quest for the Orb.
     0 | D:1      | Reached XP level 1. HP: 19/19 MP: 0/0
   161 | D:1      | Reached XP level 2. HP: 27/27 MP: 1/1
   523 | D:1      | Reached skill level 4 in Fighting
   685 | D:2      | Reached XP level 3. HP: 32/33 MP: 2/2
  1127 | D:3      | Found a faded altar of an unknown god.
  1139 | D:3      | Reached XP level 4. HP: 39/41 MP: 3/3
  1231 | D:3      | Noticed Jessica
  1238 | D:3      | Killed Jessica
  1346 | D:3      | Found a glowing golden altar of the Shining One.
  1423 | D:3      | Found a white marble altar of Elyvilon.
  1489 | D:3      | Reached XP level 5. HP: 47/47 MP: 4/4
  1661 | D:3      | Found a stormy altar of Qazlal.
  1856 | D:4      | Reached skill level 5 in Axes
  2214 | D:4      | Found a sparkling altar of Nemelex Xobeh.
  2218 | D:4      | Became a worshipper of Nemelex Xobeh the Trickster
  2228 | D:5      | Entered Level 5 of the Dungeon
  2323 | D:5      | Noticed a black bear
  2329 | D:5      | Killed a black bear
  2330 | D:5      | Reached skill level 5 in Fighting
  2330 | D:5      | Reached skill level 5 in Armour
  2330 | D:5      | Reached XP level 6. HP: 55/56 MP: 5/5
  2367 | D:5      | Noticed an ice beast
  2369 | D:5      | Killed an ice beast
  2370 | D:5      | Reached skill level 1 in Evocations
  2406 | D:5      | Noticed a water moccasin
  2409 | D:5      | Killed a water moccasin
  2410 | D:5      | Reached XP level 7. HP: 61/61 MP: 6/6
  2529 | D:5      | Found a burning altar of Makhleb.
  3339 | D:5      | Reached XP level 8. HP: 64/70 MP: 7/7
  3529 | D:5      | Found a sacrificial altar of Ru.
  3567 | D:6      | Noticed Edmund
  3585 | D:5      | Killed Edmund
  3601 | D:6      | Reached skill level 6 in Fighting
  4282 | D:6      | Noticed Pikel
  4289 | D:6      | Killed Pikel
  4290 | D:6      | Reached skill level 1 in Throwing
  4566 | D:6      | Reached XP level 9. HP: 78/78 MP: 8/8
  4651 | D:6      | Reached * piety under Nemelex Xobeh
  4714 | D:6      | Reached skill level 7 in Fighting
  5293 | D:7      | Reached skill level 10 in Axes
  5699 | D:7      | Received a gift from Nemelex Xobeh
  5918 | D:7      | Reached ** piety under Nemelex Xobeh
  5945 | D:7      | Found an opulent altar of Gozag.
  6590 | D:7      | Found a glowing silver altar of Zin.
  7200 | D:8      | Found a transporter.
  7258 | D:8      | Received a gift from Nemelex Xobeh
  7511 | D:8      | Reached skill level 8 in Fighting
  7514 | D:8      | Reached XP level 10. HP: 77/88 MP: 9/9
  8180 | D:8      | Reached *** piety under Nemelex Xobeh
  8532 | D:8      | Reached skill level 10 in Armour
  8590 | D:8      | Found a staircase to the Lair.
  8764 | D:8      | Found a basalt altar of Yredelemnul.
  8865 | D:8      | Received a gift from Nemelex Xobeh
  8872 | D:8      | Found a transporter.
  8878 | D:8      | Identified the +2 helmet of Guplan {^Drain Fly rN+++ Dex-2}
 10191 | D:9      | Received a gift from Nemelex Xobeh
 10226 | D:9      | Found a snail-covered altar of Cheibriados.
 10261 | D:9      | Found a shimmering altar of Xom.
 10267 | D:9      | Found a shadowy altar of Dithmenos.
 10270 | D:9      | Found a shimmering blue altar of Sif Muna.
 10513 | D:9      | Found a flagged portal.
 10527 | Bailey   | Entered a bailey
 10546 | Bailey   | Reached skill level 9 in Fighting
 10757 | Bailey   | Reached XP level 11. HP: 48/97 MP: 6/10
 10793 | Bailey   | Identified the +8 lajatang of the Seven Dances {heavy, rC+
                  | rN+ Dex+3}
 10893 | Bailey   | Noticed a two-headed ogre
 10899 | Bailey   | Killed a two-headed ogre
 11350 | D:9      | Identified 2 scrolls of acquirement
 11350 | D:9      | Acquired the +0 hat of Analysis {SInv}
 11359 | D:9      | Acquired a +4 heavy broad axe
 11574 | D:9      | Identified the +1 falchion of Fecozyupp {flame, rElec Str-3
                  | Int+4 Stlth+}
 12225 | D:9      | Found a bloodstained altar of Trog.
 12227 | D:9      | Noticed a wizard
 12232 | D:9      | Killed a wizard
 12397 | D:10     | Entered Level 10 of the Dungeon
 12426 | D:10     | Reached skill level 5 in Throwing
 12428 | D:10     | Reached skill level 5 in Evocations
 12945 | D:10     | Reached skill level 10 in Fighting
 12950 | D:10     | Noticed a two-headed ogre
 12952 | D:10     | Found a broken altar of Ashenzari.
 12968 | D:10     | Killed a two-headed ogre
 13150 | D:10     | Reached **** piety under Nemelex Xobeh
 13174 | D:10     | Found a staircase to the Orcish Mines.
 13190 | D:10     | Reached skill level 15 in Axes
 13246 | D:10     | Received a gift from Nemelex Xobeh
 13417 | D:10     | Found a hazy altar of Hepliaklqana.
 13442 | D:10     | Found the ring of the Tortoise {AC+8}
 13810 | D:11     | Reached XP level 12. HP: 99/107 MP: 9/11
 14138 | D:11     | Noticed Lodul
 14152 | D:11     | Killed Lodul
 14316 | D:11     | Identified the +8 flail "Affue" {chaos, Str+4}
 14417 | D:11     | Received a gift from Nemelex Xobeh
 14591 | D:12     | Reached skill level 11 in Fighting
 15050 | D:12     | Noticed a two-headed ogre
 15057 | D:12     | Killed a two-headed ogre
 15203 | D:12     | Received a gift from Nemelex Xobeh
 15282 | D:13     | Noticed a two-headed ogre
 15290 | D:12     | Killed a two-headed ogre
 15376 | Orc:1    | Entered Level 1 of the Orcish Mines
 15764 | Orc:2    | Entered Level 2 of the Orcish Mines
 15764 | Orc:2    | Reached ***** piety under Nemelex Xobeh
 15795 | Orc:1    | Reached skill level 12 in Fighting
 15880 | Orc:2    | Found a staircase to the Elven Halls.
 15978 | Orc:2    | Noticed Snorg
 15985 | Orc:2    | Killed Snorg
 16167 | Orc:2    | Found Omat's Antique Weapon Emporium.
 16250 | Orc:2    | Bought a faintly glowing war axe for 255 gold pieces
 16250 | Orc:2    | Identified the +9 war axe "Ustikh" {drain, Str+4} (You
                  | bought it in a shop on level 2 of the Orcish Mines)
 16264 | Orc:2    | Found an ancient bone altar of Kikubaaqudgha.
 16268 | Orc:2    | Reached XP level 13. HP: 119/119 MP: 12/12
 16279 | Orc:2    | Found Huumunej's Distillery.
 16301 | Orc:2    | Paralysed by an orc sorcerer for 5 turns
 16494 | Orc:2    | Bought a potion of curing for 45 gold pieces
 16496 | Orc:2    | Found a radiant altar of Vehumet.
 16633 | Orc:2    | Found Moosikew's Book Shoppe.
 16638 | Orc:2    | Found Piaw's Jewellery Shoppe.
 16681 | Orc:2    | Bought a ring of positive energy for 240 gold pieces
 17399 | Lair:1   | Entered Level 1 of the Lair of Beasts
 17399 | Lair:1   | Received a gift from Nemelex Xobeh
 17416 | Lair:1   | Noticed Harold
 17427 | Lair:1   | Killed Harold
 17573 | Lair:1   | Reached skill level 1 in Invocations
 17629 | Lair:1   | Found a frozen archway.
 17706 | IceCv    | Entered an ice cave
 17733 | IceCv    | Received a gift from Nemelex Xobeh
 17737 | IceCv    | Reached skill level 13 in Fighting
 17946 | IceCv    | Identified the amulet of Gygaomn {Rampage rC+++ Regen+
                  | Stlth-}
 18128 | IceCv    | Identified the +1 mace of Righteous Anger {flame, rF+}
 18311 | Lair:1   | Received a gift from Nemelex Xobeh
 18372 | Lair:1   | Noticed Erica
 18399 | Lair:1   | Reached skill level 14 in Fighting
 18403 | Lair:1   | Killed Erica
 18969 | Lair:2   | Received a gift from Nemelex Xobeh
 19096 | Lair:3   | Noticed Fannar
 19146 | Lair:3   | Killed Fannar
 19179 | Lair:3   | Reached skill level 15 in Fighting
 19192 | Lair:3   | Reached XP level 14. HP: 127/135 MP: 15/15
 19492 | Lair:3   | Received a gift from Nemelex Xobeh
 20255 | Lair:2   | Received a gift from Nemelex Xobeh
 20289 | Lair:2   | Found a hole to the Spider Nest.
 20296 | Lair:2   | Reached skill level 15 in Armour
 20376 | Lair:2   | Found a staircase to the Shoals.
 20689 | Lair:2   | Reached ****** piety under Nemelex Xobeh
 20709 | Lair:2   | Reached skill level 16 in Fighting
 21135 | Lair:4   | Received a gift from Nemelex Xobeh
 21333 | Lair:4   | Received a gift from Nemelex Xobeh
 21663 | Lair:4   | Found a viscous altar of Jiyva.
 21664 | Lair:4   | Found a staircase to the Slime Pits.
 22123 | Lair:4   | Identified the +1 robe of Lilacs {Dex+2}
 22172 | Lair:5   | Entered Level 5 of the Lair of Beasts
 22186 | Lair:5   | Reached skill level 17 in Fighting
 22342 | Lair:5   | Received a gift from Nemelex Xobeh
 22507 | Lair:5   | Reached skill level 5 in Invocations
 22566 | Lair:5   | Reached XP level 15. HP: 119/147 MP: 17/17
 22611 | Lair:5   | Identified the +4 ice dragon scales of Epnef {rF- rC++
                  | MP+9}
 22771 | Lair:5   | Received a gift from Nemelex Xobeh
 23226 | Spider:1 | Entered Level 1 of the Spider Nest
 23291 | Spider:1 | Reached skill level 18 in Fighting
 23581 | Spider:1 | Received a gift from Nemelex Xobeh
 24310 | Spider:1 | Found a runed translucent door.
 24311 | Spider:1 | Noticed Alphaeus's ghost (journeyman TrSh)
 24345 | Spider:1 | Killed Alphaeus's ghost
 24626 | Spider:2 | Received a gift from Nemelex Xobeh
 24676 | Spider:2 | Noticed an emperor scorpion
 24690 | Spider:1 | an emperor scorpion changed into a cyan ugly thing
 25000 | Spider:2 | Found a runed translucent gate.
 25004 | Spider:2 | Found a runed translucent gate.
 25005 | Spider:2 | Found a runed translucent gate.
 25007 | Spider:2 | Noticed Qiaheden's ghost (journeyman HOFi)
 25152 | Spider:2 | Noticed Frances
 25169 | Spider:2 | Killed Frances
 25366 | Spider:2 | Received a gift from Nemelex Xobeh
 25544 | Spider:3 | Noticed an emperor scorpion
 25557 | Spider:3 | Killed an emperor scorpion
 25571 | Spider:3 | Received a gift from Nemelex Xobeh
 25745 | Spider:3 | Received a gift from Nemelex Xobeh
 26010 | Spider:3 | Reached XP level 16. HP: 159/159 MP: 20/20
 26183 | Spider:3 | Received a gift from Nemelex Xobeh
 26775 | Spider:4 | Entered Level 4 of the Spider Nest
 26779 | Spider:4 | Reached skill level 1 in Long Blades
 26792 | Spider:4 | Reached skill level 10 in Throwing
 26812 | Spider:4 | Noticed Mlioglotl
 26813 | Spider:4 | Identified the -2 quarterstaff of Superiority {heavy, rC+
                  | Str+6}
 26823 | Spider:4 | Killed Mlioglotl
 26906 | Spider:4 | Noticed Arachne
 26917 | Spider:4 | Killed Arachne
 27372 | Spider:4 | Got a gossamer rune of Zot
 27465 | Spider:4 | Identified the +1 leather armour of Vanity {rElec}
 27575 | Spider:4 | Received a gift from Nemelex Xobeh
 27896 | Shoals:1 | Entered Level 1 of the Shoals
 27973 | Shoals:1 | Noticed Kirke
 27992 | Shoals:1 | Killed Kirke
 28526 | Shoals:1 | Acquired the +2 cloak of the Thief {*Fog Slay-2 SInv
                  | Stlth+}
 28526 | Shoals:1 | Found the +2 cloak of the Thief {*Fog Slay-2 SInv Stlth+}
 28546 | Shoals:1 | Reached skill level 19 in Fighting
 28600 | Shoals:1 | Noticed Donald
 28617 | Shoals:1 | Killed Donald
 28786 | Shoals:1 | Received a gift from Nemelex Xobeh
 29160 | Shoals:2 | Reached XP level 17. HP: 168/168 MP: 23/23
 29242 | Shoals:2 | Noticed Ilsuiw
 29274 | Shoals:2 | Killed Ilsuiw
 29881 | Shoals:3 | Received a gift from Nemelex Xobeh
 29916 | Shoals:3 | Reached skill level 10 in Invocations
 30071 | Shoals:3 | Found a flickering gateway to a bazaar.
 30077 | Bazaar   | Entered a bazaar
 30091 | Bazaar   | Found Atiklas's Magic Scroll Emporium.
 30096 | Bazaar   | Bought a scroll of enchant armour for 97 gold pieces
 30113 | Bazaar   | Found Wioc Jidgh's Weapon Emporium.
 30256 | Shoals:3 | Reached skill level 20 in Fighting
 30418 | Shoals:3 | Found Faotec's Antique Armour Shop.
 30426 | Shoals:3 | Bought a pair of runed gloves for 202 gold pieces
 30502 | Shoals:3 | Found Jigg's General Store.
 30510 | Shoals:3 | Bought a wand of paralysis (3) for 115 gold pieces
 30510 | Shoals:3 | Bought a potion of haste for 160 gold pieces
 30948 | Shoals:4 | Entered Level 4 of the Shoals
 30983 | Shoals:4 | Found a flickering gateway to a bazaar.
 31070 | Bazaar   | Entered a bazaar
 31070 | Bazaar   | Found Plog's General Store.
 31075 | Bazaar   | Received a gift from Nemelex Xobeh
 31078 | Bazaar   | Bought an amulet of reflection for 330 gold pieces
 31083 | Bazaar   | Found Neimecw's Distillery.
 31095 | Bazaar   | Found Vifasuxaaff's Antique Armour Boutique.
 31111 | Bazaar   | Found Tarir's Antique Armour Shoppe.
 31127 | Bazaar   | Bought the -2 hat of the Alchemist {rElec rPois rF+ rC+ rN+
                  | Will+ rMut rCorr} for 1132 gold pieces
 31127 | Bazaar   | Found the -2 hat of the Alchemist {rElec rPois rF+ rC+ rN+
                  | Will+ rMut rCorr}
 31161 | Bazaar   | Bought a potion of heal wounds for 70 gold pieces
 31865 | Shoals:4 | Reached skill level 21 in Fighting
 32077 | Shoals:4 | Got a barnacled rune of Zot
 32284 | Shoals:4 | Identified the +8 falchion of Cuwoq {holy, +Blink Str-2
                  | Dex+2}
 32534 | Shoals:4 | Noticed Polyphemus
 32575 | Shoals:4 | Killed Polyphemus
 32704 | Shoals:4 | Reached skill level 22 in Fighting
 33296 | D:13     | Noticed Urug
 33304 | D:13     | Killed Urug
 33389 | D:13     | Received a gift from Nemelex Xobeh
 33406 | D:13     | Found a gate to the Vaults.
 33866 | D:13     | Received a gift from Nemelex Xobeh
 33998 | D:14     | Noticed Agnes
 34009 | D:14     | Killed Agnes
 34169 | D:14     | Found a blossoming altar of Fedhas.
 34288 | D:14     | Received a gift from Nemelex Xobeh
 34498 | D:14     | Noticed Hisoilig's ghost (journeyman DgHW)
 34526 | D:14     | Reached XP level 18. HP: 185/185 MP: 25/25
 34553 | D:14     | Received a gift from Nemelex Xobeh
 34603 | D:14     | Found a transporter.
 34624 | D:14     | Found a transporter.
 34725 | D:14     | Found a one-way gate to the infinite horrors of the Abyss.
 35034 | Vaults:1 | Entered Level 1 of the Vaults
 35065 | Vaults:1 | Received a gift from Nemelex Xobeh
 35586 | Vaults:1 | Reached skill level 23 in Fighting
 36159 | Vaults:1 | Received a gift from Nemelex Xobeh
 36615 | Vaults:1 | Found a portal to a secret trove of treasure.
 37294 | Vaults:2 | Received a gift from Nemelex Xobeh
 37297 | Vaults:2 | Reached skill level 24 in Fighting
 37492 | Vaults:2 | Received a gift from Nemelex Xobeh
 37600 | Vaults:2 | Identified the +1 long sword of Brutal Revenge {freeze, rF+
                  | Will+ Int+2 Dex+4}
 37859 | Vaults:2 | Reached skill level 25 in Fighting
 37951 | Vaults:2 | Found a transporter.
 37951 | Vaults:2 | Found a transporter.
 37951 | Vaults:2 | Noticed Lemonizer's ghost (veteran NaAl)
 38040 | Vaults:2 | Killed Lemonizer's ghost
 38153 | Vaults:2 | Identified the +2 dagger of the Unstoppable Teeth
                  | {antimagic, *Rage rPois rN+++ SInv}
 38216 | Vaults:2 | Received a gift from Nemelex Xobeh
 38365 | Vaults:2 | Reached XP level 19. HP: 190/202 MP: 24/27
 38662 | Vaults:2 | Found a staircase to the Crypt.
 38983 | Vaults:3 | Received a gift from Nemelex Xobeh
 39316 | Vaults:3 | Reached skill level 26 in Fighting
 39497 | Vaults:3 | Received a gift from Nemelex Xobeh
 39607 | Vaults:3 | Found Hiotweto's Book Shop.
 39608 | Vaults:3 | Found Pone's Antique Weapon Emporium.
 39685 | Vaults:3 | Found Teocevvu's Antique Weapon Shop.
 39784 | Vaults:3 | Received a gift from Nemelex Xobeh
 39868 | Vaults:3 | Found Qanifejy's Antique Armour Emporium.
 40034 | Vaults:3 | Paralysed by a formless jellyfish for 1 turns
 40563 | Vaults:4 | Noticed Zenata
 40573 | Vaults:4 | Killed Zenata
 41058 | Vaults:4 | Reached skill level 27 in Fighting
 41194 | Vaults:4 | Noticed Mennas
 41198 | Vaults:4 | Noticed Mara
 41199 | Vaults:4 | Mara changed into Mara the wendigo
 41199 | Vaults:4 | Noticed Mara
 41201 | Vaults:4 | Killed Mara the wendigo
 41217 | Vaults:4 | Banished Mennas
 41349 | Vaults:4 | Received a gift from Nemelex Xobeh
 41667 | Vaults:4 | Found Wekeef's Armour Boutique.
 41764 | Vaults:4 | Found Vysijasch's Armour Shoppe.
 42117 | Vaults:4 | Reached skill level 15 in Invocations
 42205 | Vaults:5 | Entered Level 5 of the Vaults
 42212 | Vaults:4 | Reached XP level 20. HP: 209/216 MP: 22/30
 42777 | Vaults:5 | Identified the +9 flail of Ascent {freeze, *Noise rC++
                  | Int+4}
 42790 | Vaults:5 | Identified the +8 dire flail of the People {venom, rF+
                  | Int-4 Dex+4 Stlth+}
 42790 | Vaults:5 | Identified the ring "Gulewas" {rC+ Dex+3}
 42796 | Vaults:5 | HP: 7/216 [orc warrior/+0 halberd[an orc knight] (4)]
 42797 | Vaults:5 | Shot with a bolt by a yaktaur captain

Illustrated notes

Levels and vault maps discovered:
D:1:      amcnicky_arrival_double_pillar, layout_loops_ring
D:2:      layout_rooms
D:3:      layout_rooms, elyvilon_altar_5, mainiacjoe_overflow_24_doors,
          lemuel_round_altar, basic_ecumenical_altar, uniq_jessica
D:4:      layout_loops_corners, nemelex_dance_club_becter,
          minmay_temple_entry_gardened_gates, serial_park_tiny_pond,
          minmay_goblin_kobold_house
D:5:      layout_loops_corners, lemuel_round_altar,
          nicolae_ru_the_path_less_chosen
D:6:      layout_loops_ring, minivault_25, uniq_pikel, uniq_edmund
D:7:      layout_layer_cave, pdpol_temple_overflow_zin_treasury_gozag_greed,
          small_statue_intersection, minmay_alternating_orb
D:8:      gammafunk_cloud_chamber, layout_layer_cave,
          mainiacjoe_overflow_tiny_flanked, minmay_lair_entry_grove
D:9:      minmay_spotlight, layout_basic, trog_wizard,
          grunt_temple_overflow_cloverleaf, enter_bailey_5,
          kennysheep_just_a_vault
D:10:     layout_roguey, lemuel_crystal_altar, lemuel_round_altar,
          minmay_orc_entry_guard_dogs, small_chamber_with_monster
D:11:     layout_roguey, uniq_lodul
D:12:     layout_rooms
D:13:     nicolae_BIG_FREAKIN_CUBE, layout_rooms, serial_corexii_hall,
          corexii_hall_statues_l, chequers_hall_statues_corner_a,
          chequers_hall_statues_corner_a, chequers_hall_statues_y, uniq_urug
D:14:     layout_stronghold, fedhas_altar_4, gammafunk_ghost_abyssal_escape,
          uniq_agnes
Lair:1:   layout_concentric_octagons, portal_ice_cave_entry_ice_simulacra,
          grunt_megastairs_3, serial_bayou_shore_a, uniq_erica, uniq_harold
Lair:2:   layout_roguey, elwin_shoals_entry_rocks, spider_nest_entry_a,
          serial_rivers, chequers_serial_rivers_micro_d,
          chequers_serial_rivers_micro_b, chequers_serial_rivers_small_a,
          chequers_serial_rivers_micro_b, chequers_serial_rivers_micro_b,
          chequers_serial_rivers_small_a, hangedman_lair_generics_rect
Lair:3:   layout_chaotic_city, nzn_sisyphean_effort, lemuel_fruit_fields,
          grunt_megastairs_4, uniq_fannar
Lair:4:   layout_small_grid, slime_entry_2, minmay_lindwurm_lava,
          lemuel_fruit_tree
Lair:5:   grunt_lair_end_beastmaster, layout_regular_city
Shoals:1: layout_shoals, uniq_kirke, uniq_donald
Shoals:2: layout_shoals, nicolae_shoals_square_sea_wall, uniq_ilsuiw
Shoals:3: layout_shoals, serial_shops, bzr_entry_safe, nicolae_diamond_shop,
          nicolae_shop_waterfront, nicolae_shoals_former_cling_ruins
Shoals:4: shoals_end_grunt_ice, layout_shoals, shoals_ilsuiw_ice, serial_shops,
          freezing_bzr, uniq_polyphemus
Spider:1: layout_spider_delve, ebering_ghost_inner_flame,
          hangedman_spider_tarantella_strand
Spider:2: layout_spider_delve, ebering_ghost_rock_garden, uniq_frances
Spider:3: layout_chambers
Spider:4: grunt_spider_rune_circles, uniq_arachne, uniq_mlioglotl
Orc:1:    layout_caves, mines5_lemuel
Orc:2:    kennysheep_orc_mage_school, layout_diamond_mine, basic_altar,
          uniq_snorg
Vaults:1: vaults_dpeg_diagonal, nicolae_vaults_little_squares_5,
          ontoclasm_vaults_gateway, v_pattern_4, nicolae_vaults_three_branches,
          vaults_dpeg_emergency_exit, nicolae_vaults_double_plus_1,
          nicolae_vaults_security_offices_5, vaults_standard_mumra_lines,
          vaults_standard_mumra_enter_the_diamond, nicolae_vaults_weapon_check,
          nicolae_vaults_trapezoid_4, layout_vaults_omnigrid,
          trove_entry_hex_spiral
Vaults:2: gammafunk_ghost_arena, minmay_crypt_entry_simple_round,
          v_alt_pattern_5, nicolae_vaults_circle_grid_a, ontoclasm_vaults_chip,
          v_misc_27, hangedman_vaults_trim, nicolae_vaults_six-pack,
          nicolae_vaults_bisected_exclaves, nicolae_vaults_ring_of_whatevers,
          nicolae_vaults_quartermaster, layout_vaults_big_room
Vaults:3: infiniplex_enter_wizlab_water, hangedman_vaults_slither,
          nicolae_vaults_windows_and_doors_thing, vaults_room_semicircle,
          nicolae_vaults_spaceships, nicolae_vaults_little_ls,
          nicolae_vaults_storage_closets_3, vaults_dpeg_encased_lava,
          vaults_room_fancy_cross, v_misc_18, v_misc_25,
          layout_vaults_omnicross, serial_shops, nicolae_book_shop_shelving,
          shop, shop, nicolae_shop_statue_plus
Vaults:4: vaults_room_ringed_pool, hangedman_vaults_locks, v_misc_3,
          nicolae_vaults_taking_the_gang_shopping,
          nicolae_vaults_oval_intersection, nicolae_vaults_closet_pinwheel_5,
          vaults_mumra_hex, vaults_room_door_hall,
          nicolae_vaults_offset_grid_hallway_2, st_cross, vaults_room_pools,
          v_misc_25, nicolae_vaults_ring_of_whatevers,
          nicolae_vaults_tetromino_Z_1, layout_vaults_maze, serial_shops,
          shop_fountains, uniq_mara, uniq_mennas, uniq_zenata
Vaults:5

Skill      XL: |  1  2  3  4  5  6  7  8  9 10 11 12 13 14 15 16 17 18 19 20 |
---------------+-------------------------------------------------------------+-----
Fighting       | 4 5 6 8 9 10 12 15 17 18 19 22 25 27 | 27.0
Armour         | 4 5 6 8 9 10 11 12 14 16 17 | 17.5
Shields        | 4 |  4.0
Axes           | 3 4 5 7 8 9 11 13 15 17 18 | 18.1
Evocations     | 1 2 3 4 5 |  5.1
Throwing       | 1 3 4 5 9 13 | 13.0
Invocations    | 3 5 7 9 11 12 15 17 | 17.3
Long Blades    | 1 |  1.1

Action                     |  1- 3 |  4- 6 |  7- 9 | 10-12 | 13-15 | 16-18 | 19-21 || total
---------------------------+-------+-------+-------+-------+-------+-------+-------++-------
  Melee: War axe           |    69 |    87 |   318 |   222 |       |       |       ||   696
         Headbutt          |    10 |    10 |    49 |   105 |   233 |   269 |   127 ||   803
         Broad axe         |       |       |       |   327 |   893 |  1088 |   456 ||  2764
         Falchion          |       |       |       |       |    25 |    17 |       ||    42
  Throw: Javelin           |       |       |    19 |    17 |    30 |    49 |    55 ||   170
         Boomerang         |       |       |    30 |    35 |    42 |       |       ||   107
         Dart              |       |       |       |    14 |       |     3 |       ||    17
         Throwing net      |       |       |       |       |       |     1 |       ||     1
 Invoke: Draw Destruction  |       |       |     3 |     7 |    39 |    43 |    10 ||   102
         Triple Draw       |       |       |       |       |     5 |       |       ||     5
         Draw Summoning    |       |       |       |       |     7 |    22 |     8 ||    37
         Draw Escape       |       |       |       |       |     2 |    10 |     5 ||    17
         Deal Four         |       |       |       |       |       |     6 |     1 ||     7
  Evoke: Wand              |       |     3 |     6 |    20 |    51 |    19 |     8 ||   107
         Lightning rod     |       |       |       |       |     4 |     7 |       ||    11
    Use: Scroll            |     3 |       |     4 |    14 |     6 |     8 |     3 ||    38
         Potion            |     1 |     1 |     4 |     7 |     2 |     8 |       ||    23
   Stab: Petrified         |       |       |       |       |     8 |       |       ||     8
         Petrifying        |       |       |       |       |     1 |       |       ||     1
         Distracted        |       |       |       |       |       |     2 |     1 ||     3
         Held in net/web   |       |       |       |       |       |     1 |       ||     1
 Armour: Scale mail        |    42 |    32 |       |       |       |       |       ||    74
         Chain mail        |       |    30 |   251 |   273 |    79 |       |       ||   633
         Plate armour      |       |       |       |   151 |       |       |       ||   151
         Fire dragon scale |       |       |       |    22 |       |       |       ||    22
         Crystal plate arm |       |       |       |       |  1000 |  1417 |   727 ||  3144
  Dodge: Dodged            |    42 |    34 |   131 |   161 |   238 |   246 |    84 ||   936
  Block: Buckler           |    14 |    21 |    65 |   101 |   151 |    51 |       ||   403
         Kite shield       |       |       |       |       |       |   315 |   190 ||   505
